 Dungeon Crawl Stone Soup version 0.22.0-16-gc6d26f6 (webtiles) character file.

32 sking99 the Insei (level 3, -4/23 HPs)
             Began as an Octopode Transmuter on Aug 17, 2018.
             Slain by a quokka (5 damage)
             ... on level 2 of the Dungeon.
             The game lasted 00:01:05 (666 turns).

sking99 the Insei (Octopode Transmuter)              Turns: 666, Time: 00:01:06

Health: -4/23      AC:  1    Str:  7 (9)  XL:     3   Next: 25%
Magic:  4/6        EV: 13    Int: 12 (15) God:
Gold:   18         SH:  0    Dex: 11 (13) Spells: 3/6 levels left

rFire    + . .     SeeInvis .     - Unarmed
rCold    + . .     Gourm    .   (no shield)
rNeg     . . .     Faith    .   (helmet restricted)
rPois    +         Spirit   .   (no amulet)
rElec    +         Reflect  .   (no ring)
rCorr    +         Harm     .   (no ring)
MR       .....                  (no ring)
Stlth    ++........             (no ring)
HPRegen  0.07/turn              (no ring)
MPRegen  0.10/turn              (no ring)
                                (no ring)
                                (no ring)

@: lethally poisoned (-4 -> -7), resistant
A: almost no armour, stealthy swim, amphibious, 8 rings, constrict 8, camouflage
1, gelatinous body 1
a: no special abilities


You were on level 2 of the Dungeon.
You were not hungry.

You visited 1 branch of the dungeon, and saw 2 of its levels.

You collected 18 gold pieces.

Inventory:

Missiles
 a - 11 arrows
Scrolls
 d - a scroll of identify {unknown}
 e - a scroll of magic mapping {unknown}
 f - a scroll of enchant armour {unknown}
 h - a scroll of blinking {unknown}
 j - a scroll of amnesia {unknown}
Comestibles
 c - 3 rations


   Skills:
 - Level 1.0 Fighting
 - Level 2.0 Dodging
 + Level 3.6 Unarmed Combat
 - Level 2.0 Spellcasting
 + Level 2.9 Transmutations


You had 3 spell levels left.
You knew the following spells:

 Your Spells              Type           Power        Failure   Level  Hunger
a - Beastly Appendage     Tmut           #.....       9%          1    ##.....
b - Sticks to Snakes      Tmut           #.......     12%         2    ###....

Your spell library contained the following spells:

 Spells                   Type           Power        Failure   Level  Hunger
 Spider Form              Tmut/Pois      #.........   41%         3    ####...
 Blade Hands              Tmut           #.........   92%         5    ######.
 Ice Form                 Ice/Tmut       #.......     83%         4    #####..


Dungeon Overview and Level Annotations

Branches:
Dungeon (2/15)

Altars:


Innate Abilities, Weirdness & Mutations

You cannot wear most types of armour.
You are very stealthy in the water. (Stealth+)
You are amphibious.
You can wear up to eight rings at the same time.
You can use your tentacles to constrict eight enemies at once.
Your skin changes colour to match your surroundings (Stealth+).
Your rubbery body absorbs attacks. (AC +1, EV +1)


Message History

Your ball python bites the adder.
The adder barely misses you.
It was a potion of degeneration.
There was something very wrong with that liquid.
You feel weakened.
You feel dopey.
You feel clumsy.
You constrict the adder. The quokka closely misses you.
The adder bites you but does no damage.
Your ball python bites the adder.
You tentacle-slap the adder but do no damage.
The adder is almost dead.
You constrict the adder.
You kill the adder!
The quokka barely misses you.
* * * LOW HITPOINT WARNING * * *
You feel sick. The quokka barely misses you.
Things that are here:
2 chunks of flesh; an adder corpse The quokka bites you but does no damage.
Your ball python misses the quokka.
Your ball python completely misses the quokka.
The quokka bites you.
You die...

.# .# #.# ## .##
#? ##.. . ..#
... ... #. ..
....#..###.##.
...#...S....# #
........ #)#.#
#.<.####@#.###.#
#.......Sr.....#
##.........#####
##†####.### #.#
#.# #(# #.# #.#
#.# #.# #.. #.#
###


You could see a quokka and a friendly ball python.

Vanquished Creatures
  An adder (D:2)
  An ooze (D:1)
  A dart slug (D:1)
  A leopard gecko (D:1)
  2 giant cockroaches
  A goblin (D:1)
  2 hobgoblins (D:1)
  3 kobolds
  2 bats
  A frilled lizard (D:2)
  2 rats (D:1)
17 creatures vanquished.

Vanquished Creatures (collateral kills)
  A goblin (D:2)
1 creature vanquished.

Grand Total: 18 creatures vanquished

Notes
Turn   | Place    | Note
-------+----------+-------------------------------------------
     0 | D:1      | sking99 the Octopode Transmuter began the quest for the Orb.
     0 | D:1      | Reached XP level 1. HP: 13/13 MP: 3/3
   151 | D:1      | Reached XP level 2. HP: 18/18 MP: 5/5
   631 | D:1      | Learned a level 2 spell: Sticks to Snakes
   661 | D:2      | Reached XP level 3. HP: 8/23 MP: 3/6
   665 | D:2      | HP: 1/23 [poisoned by an adder]
   666 | D:2      | Slain by a quokka

Action                   || total
-------------------------++-------
Melee: Unarmed           ||    35
       Tentacles         ||    10
       Constrict         ||    11
       Kick              ||     1
 Cast: Sticks to Snakes  ||     1
       Beastly Appendage ||     1
  Use: Potion            ||     2
 Stab: Sleeping          ||     5
Armor: Skin              ||     5
Dodge: Dodged            ||    24
